 Dungeon Crawl Stone Soup version 0.25.0-1-g7eea58d2a3 (webtiles) character file.

Game seed: 16974953794992318160

63 gruber the Twirler (level 3, 0/30 HPs)
             Began as a Minotaur Gladiator on June 14, 2020.
             Slain by Edmund
             ... wielding a +4 flail of draining
              (4 damage)
             ... on level 4 of the Dungeon.
             The game lasted 00:02:38 (1271 turns).

gruber the Twirler (Minotaur Gladiator)             Turns: 1271, Time: 00:02:39

Health: 0/30       AC:  3    Str: 19    XL:     3   Next: 87%
Magic:  2/2        EV: 12    Int:  5    God:
Gold:   68         SH:  0    Dex: 11    Spells: 2/2 levels left

rFire    . . .     SeeInvis .   a - +0 quarterstaff
rCold    . . .     Gourm    .   (shield currently unavailable)
rNeg     . . .     Faith    .   b - +0 leather armour
rPois    .         Spirit   .   c - +0 hat
rElec    .         Reflect  .   (no cloak)
rCorr    .         Harm     .   (no gloves)
MR       .....                  (no boots)
Stlth    +.........             (no amulet)
HPRegen  0.10/turn              (no ring)
MPRegen  0.08/turn              (no ring)

@: drained
A: retaliatory headbutt, horns 2
a: no special abilities


You were on level 4 of the Dungeon.
You were not hungry.

You visited 1 branch of the dungeon, and saw 3 of its levels.

You collected 68 gold pieces.

Inventory:

Hand Weapons
 a - a +0 quarterstaff (weapon)
Missiles
 d - 3 throwing nets (quivered)
 e - 28 poisoned darts
Armour
 b - a +0 leather armour (worn)
 c - a +0 hat (worn)
Scrolls
 h - a scroll of identify {unknown}
 j - 3 scrolls of remove curse {unknown}
 l - 2 scrolls of enchant weapon {unknown}
Potions
 i - a potion of invisibility {unknown}
 k - 2 potions of stabbing {unknown}
 m - a potion of magic {unknown}
 n - a potion of curing {unknown}
Comestibles
 f - a ration
 g - 6 chunks of flesh


   Skills:
 - Level 2.4(1.5) Fighting
 + Level 5.9(4.9) Staves
 - Level 2.0(1.1) Throwing
 - Level 3.2(2.3) Dodging


You had 2 spell levels left.
You didn't know any spells.
Your spell library was empty.

Dungeon Overview and Level Annotations

Branches:
Dungeon (2/15)

Altars:

Annotations:
D:4 Edmund


Innate Abilities, Weirdness & Mutations

You reflexively headbutt those who attack you in melee.
You have a pair of horns on your head.


Message History

You hit Edmund but do no damage. You headbutt Edmund, but do no damage.
Edmund is moderately wounded.
Edmund hits you with a +4 flail of draining!
You feel drained.
You are too injured to fight recklessly!
You are too injured to fight recklessly!
You are too injured to fight recklessly!
You are too injured to fight recklessly!
You are too injured to fight recklessly!
You thump Edmund!
Edmund is heavily wounded.
Edmund hits you with a +4 flail of draining!
* * * LOW HITPOINT WARNING * * *
You feel drained.
* * * LOW HITPOINT WARNING * * *
You hit Edmund.
Edmund is severely wounded.
The adder skeleton misses you.
Edmund hits you with a +4 flail of draining.
You die...

.####.......###
###.......#
######..# #..# ####
#..# .....###).# .
#........# ...
####.....#####.....
#.......@@...#
#..###...Z#### #..#
###### #..# #.. #..
#


You could see Edmund and an adder skeleton.

Vanquished Creatures
  An adder (D:2)
  2 gnolls (D:1)
  An ooze (D:1)
  2 dart slugs (D:1)
  2 leopard geckos
  An orc (D:4)
  A bat (D:1)
  A giant cockroach (D:1)
  5 hobgoblins (D:1)
  A kobold (D:1)
  A quokka (D:2)
  4 frilled lizards (D:1)
  2 rats
24 creatures vanquished.

Notes
Turn   | Place    | Note
-------+----------+-------------------------------------------
     0 | D:1      | gruber the Minotaur Gladiator began the quest for the Orb.
     0 | D:1      | Reached XP level 1. HP: 18/18 MP: 0/0
    18 | D:1      | Reached skill level 4 in Staves
    78 | D:1      | Reached XP level 2. HP: 25/25 MP: 1/1
   354 | D:1      | Reached skill level 5 in Staves
   538 | D:1      | Reached XP level 3. HP: 22/30 MP: 2/2
  1243 | D:2      | You fall into a shaft and drop 2 floors!
  1262 | D:4      | Noticed Edmund
  1271 | D:4      | Slain by Edmund

Illustrated notes

Levels and vault maps discovered:
D:1:      dpeg_arrival_rooms_with_view, layout_rooms
D:2:      layout_basic, overflow_temple_1_default, lemuel_crystal_altar,
          uniq_terence
D:4:      layout_layer_cave, serial_shops, shop_fountains,
          nicolae_shop_behind_doors, shop, shop, nicolae_shop_statue_plus,
          uniq_edmund

Skill      XL: |  1  2 |
---------------+-------+-----
Staves         | 4 5 |  5.9
Fighting       | |  2.4
Throwing       | |  2.0
Dodging        | |  3.2

Action                   || total
-------------------------++-------
Melee: Quarterstaff      ||    60
       Headbutt          ||     7
  Eat: Chunk             ||     1
Armor: Leather armour    ||    12
Dodge: Dodged            ||    34
